 Dungeon Crawl Stone Soup version bcrawl-1.14 (webtiles) character file.

Game seed: 17735202254542881910

1702 MisterOstroum the Sneak (level 9, -8/82 HPs)
             Began as a Naga Rogue on Sept 8, 2019.
             Was a Believer of Uskayaw.
             Mangled by a death yak (19 damage)
             ... on level 6 of the Dungeon.
             The game lasted 00:25:52 (7331 turns).

MisterOstroum the Sneak (Naga Rogue)                Turns: 7331, Time: 00:25:52

Health: -8/82      AC:  8    Str: 16    XL:     9   Next: 3%
Magic:  2/12       EV:  8    Int: 13    God:    Uskayaw [**....]
Gold:   443        SH:  7    Dex: 12    Spells: 8/8 levels left

rFire    . . .     SeeInvis +   r - +0 rapier
rCold    . . .     Gourm    .   G - +0 buckler
rNeg     . . .     Faith    .   L - +1 ring mail {MR+}
rPois    +         Spirit   .   y - +0 helmet
rElec    .         Reflect  +   d - +0 cloak
rCorr    .         Harm     .   (no gloves)
MR       ++...                  (no barding)
Stlth    +++.......             P - +3 amulet of reflection
HPRegen  0.23/turn              j - +3 ring of slaying
MPRegen  0.13/turn              M - +2 ring of slaying

@: very slow
A: large, see invisible, deformed body, poison resistance, slowness 2, slow
metabolism 1, spit poison 1, AC +3
a: Spit Poison, Stomp, Line Pass, Renounce Religion


You were on level 6 of the Dungeon.
You worshipped Uskayaw.
Uskayaw was noncommittal.
You were not hungry.

You visited 1 branch of the dungeon, and saw 7 of its levels.

You collected 443 gold pieces.

Inventory:

Hand Weapons
 a - a +3 dagger
 b - a +0 blowgun
 r - a +0 rapier (weapon)
 D - a +1 flail of venom
 J - a +4 morningstar
Missiles
 h - 75 poisoned needles
 l - 1613 stones (quivered)
 w - a throwing net {!f!f}
 A - 48 exploding tomahawks
Armour
 c - a +1 robe
 d - a +0 cloak (worn)
 y - a +0 helmet (worn)
 G - a +0 buckler (worn)
 L - a +1 ring mail of magic resistance (worn)
Jewellery
 j - a +3 ring of slaying (left hand)
 q - an uncursed ring of positive energy
 x - an uncursed ring of insulation
 M - a +2 ring of slaying (right hand)
 P - a +3 amulet of reflection (around neck)
Wands
 f - a wand of flame (9)
 g - a wand of enslavement (13)
 O - a wand of digging (10)
Scrolls
 k - 3 scrolls of noise
 m - a scroll of magic mapping {@r5 !r}
 o - a scroll of enchant weapon
 s - 2 scrolls of remove curse {@r2}
 u - 5 scrolls of enchant armour
 z - 4 scrolls of teleportation {@r3 !r}
 F - 2 scrolls of immolation
 K - 4 scrolls of fog {!r}
Potions
 i - a potion of flight
 n - a potion of lignification {unknown}
 p - 2 potions of haste
 t - a potion of degeneration {unknown}
 v - a potion of berserk rage {unknown}
 C - a potion of agility {@q5 !q}
 E - a potion of heal wounds {unknown}
 H - a potion of might {unknown}
 I - 2 potions of magic
 N - a potion of curing {unknown}
Comestibles
 e - 15 rations {!d}
 Q - 2 chunks of flesh


   Skills:
 - Level 6.0 Fighting
 + Level 5.9 Short Blades
 - Level 4.0 Throwing
 - Level 7.0 Stealth
 - Level 2.4 Shields
 - Level 1.0 Invocations
 - Level 5.0 Evocations


You had 8 spell levels left.
You didn't know any spells.
Your spell library was empty.

Dungeon Overview and Level Annotations

Branches:
Dungeon (7/12)             Temple (0/1) D:6            Lair (0/6) D:7

Altars:
Ashenzari
Fedhas
Hepliaklqana
Lugonu
Makhleb
Nemelex Xobeh
Okawaru
Uskayaw
Wu Jian
Xom
Yredelemnul
The Shining One

Shops:
D:4 =

Annotations:
D:3 exclusions: downstairs and 4 more exclusions
D:5 Pikel
D:6 1 runed door, exclusion: phantom


Innate Abilities, Weirdness & Mutations

You cannot wear boots.
Your serpentine skin is tough. (AC +3)
You have supernaturally acute eyesight. (SInv)
Armour fits poorly on your strangely shaped body.
Your system is resistant to poisons. (rPois)
You cover ground very slowly.
You have a slow metabolism.
You can spit poison.


Message History

There isn't anything to butcher here.
You can no longer pass through a line of other dancers.
Eating one of 3 chunks of flesh.
You eat one of the 3 chunks of flesh.
This raw flesh tastes terrible.
You see here a bullfrog skeleton.
The adder is too close now for your liking.
An adder is nearby!
Throwing (i - inventory. (/) - cycle)
l - 1617 stones (quivered)
Press: ? - help, Shift-Dir - straight line, f - adder
Aim: an adder (hasn't noticed you)
You throw a stone. The stone closely misses the adder.
Press: ? - help, Shift-Dir - straight line, f/p - adder
Aim: an adder The splash of poison misses the adder.
You feel slightly more hungry.
Throwing (i - inventory. (/) - cycle)
l - 1616 stones (quivered)
Press: ? - help, Shift-Dir - straight line, p - adder 22 gold pieces.
Okay, then.
Throwing (i - inventory. (/) - cycle)
l - 1616 stones (quivered)
Press: ? - help, Shift-Dir - straight line, f/p - adder
Aim: an adder You throw a stone.
The stone hits the adder but does no damage.
Throwing (i - inventory. (/) - cycle)
l - 1615 stones (quivered)
Press: ? - help, Shift-Dir - straight line, f/p - adder
Aim: an adder You throw a stone.
The stone hits the adder!
The adder is almost dead.
The death yak bellows!
You hit the adder but do no damage.
The adder is almost dead.
You hear a bellow!
The adder barely misses you.
A death yak comes into view.
The adder barely misses you.
You have got your breath back.
Throwing (i - inventory. (/) - cycle)
l - 1614 stones (quivered)
Press: ? - help, Shift-Dir - straight line, f/p - adder
Aim: an adder (almost dead)
You throw a stone. The stone hits the adder.
You kill the adder!
Training target 2.4 for Shields reached!
You need to enable at least one skill for training.
There is a stone staircase leading up here.
You climb upwards.
Level annotation: 1 runed door, exclusion: phantom
There is a stone staircase leading down, spattered with blood here.
You climb downwards.
The death yak barely misses you. The death yak gores you!
There is a stone staircase leading up, spattered with blood here.
The death yak gores you!
You climb upwards.
Level annotation: 1 runed door, exclusion: phantom
There is a stone staircase leading down, spattered with blood here.
Okay, then.
You stomp with the beat, sending a shockwave through the revelers around you!
The death yak is moderately wounded.
You feel somewhat more hungry.
You can no longer stomp with the beat.
The death yak gores you.
Evoke which item? (* to show all) (? for menu, Esc to quit)
Aiming: Corrosive Bolt
Press: ? - help, Shift-Dir - straight line, f - death yak
Aim: a death yak (moderately wounded)
The bolt of acid hits the death yak.
The death yak is splashed with acid.
The death yak is moderately wounded.
The death yak gores you!!
You can now stomp with the beat.
Evoke which item? (* to show all) (? for menu, Esc to quit)
Aiming: Corrosive Bolt
Press: ? - help, Shift-Dir - straight line, f/p - death yak
Aim: a death yak (moderately wounded)
The bolt of acid hits the death yak.
The death yak is splashed with acid.
The acid corrodes the death yak!
The death yak is heavily wounded.
The death yak gores you!!
* * * LOW HITPOINT WARNING * * *
Evoke which item? (* to show all) (? for menu, Esc to quit)
Aiming: Corrosive Bolt
Press: ? - help, Shift-Dir - straight line, f/p - death yak
Aim: a death yak (heavily wounded, covered in acid)
The bolt of acid hits the death yak.
The death yak is splashed with acid.
The death yak seems to be corroded for longer.
The death yak is almost dead.
The now-empty wand crumbles to dust.
The death yak gores you!
* * * LOW HITPOINT WARNING * * *
You can now pass through a line of other dancers.
Aiming: Line Pass
Press: ? - help, Dir - move target cursor, p - death yak The death yak appears confused.
You feel somewhat more hungry. You block the death yak's attack.
You puncture the death yak!
The death yak is almost dead.
The death yak seems less confused.
The death yak closely misses you.
Aiming: Line Pass
Press: ? - help, Dir - move target cursor The death yak appears confused.
You feel somewhat more hungry.
You hit the death yak.
The death yak is almost dead.
The death yak seems less confused.
The death yak gores you!!
You die...

#####.###.#
##.<.
#.........#
#####
#.####.##.###
#.... #.#
#......#
#.... #.#
#......#
#.... #.#
#......#
#.... ###.#
#......#
#.... #...#
###.[###
##### #...#
#Y@# # #...#
#### # #...#
# #...# #
#...# # ###.#
#### #.# #...
#### #.# #.##
...# #.# #.##


You could see a death yak.

Vanquished Creatures
  A troll (D:7)
  Duvessa (D:6)
  2 water moccasins
  An ogre (D:4)
  A bullfrog (D:7)
  A gnoll sergeant (D:5)
  Dowan (D:6)
  A water moccasin skeleton (D:6)
  A wight (D:6)
  A howler monkey (D:6)
  2 crimson imps
  2 hounds
  3 orc wizards
  2 quasits
  3 orc priests
  2 iguanas
  4 worker ants
  A hound zombie (D:6)
  A hound skeleton (D:7)
  5 gnolls (D:5)
  7 adders
  2 shadow imps (D:7)
  3 worms
  2 dart slugs
  4 leopard geckos
  14 orcs
  2 bats (D:1)
  6 giant cockroaches
  3 goblins
  3 hobgoblins
  8 jackals (D:3)
  4 quokkas
  A ball python (D:5)
  3 frilled lizards
  A jackal zombie (D:7)
  4 kobolds
  10 rats
113 creatures vanquished.

Notes
Turn   | Place    | Note
-------+----------+-------------------------------------------
     0 | D:1      | MisterOstroum the Naga Rogue began the quest for the Orb.
     0 | D:1      | Reached XP level 1. HP: 19/19 MP: 2/2
   287 | D:1      | Reached XP level 2. HP: 27/27 MP: 3/3
  1153 | D:2      | Reached XP level 3. HP: 23/34 MP: 4/4
  1404 | D:2      | Found a corrupted altar of Lugonu.
  1800 | D:3      | Reached XP level 4. HP: 44/44 MP: 5/5
  1813 | D:3      | Reached skill level 7 in Stealth
  1990 | D:3      | Reached XP level 5. HP: 34/51 MP: 6/6
  2235 | D:3      | Reached skill level 5 in Fighting
  2253 | D:3      | Noticed an orc warrior
  2459 | D:3      | Reached XP level 6. HP: 59/61 MP: 8/8
  2810 | D:4      | Found a sparkling altar of Nemelex Xobeh.
  2988 | D:4      | Found Wair's Jewellery Boutique.
  3247 | D:4      | Found a hide-covered altar of Uskayaw.
  3290 | D:4      | Found a burning altar of Makhleb.
  3291 | D:4      | Found a blossoming altar of Fedhas.
  3291 | D:4      | Found a glowing golden altar of the Shining One.
  3291 | D:4      | Found a shattered altar of Ashenzari.
  3291 | D:4      | Found an iron altar of Okawaru.
  3291 | D:4      | Found a basalt altar of Yredelemnul.
  3295 | D:4      | Found a hazy altar of Hepliaklqana.
  3296 | D:4      | Found a shimmering altar of Xom.
  3297 | D:4      | Found an ornate altar of the Wu Jian Council.
  3315 | D:4      | Became a worshipper of Uskayaw the Reveler
  3366 | D:4      | Reached * piety under Uskayaw
  3546 | D:5      | Entered Level 5 of the Dungeon
  3557 | D:5      | Reached ** piety under Uskayaw
  3791 | D:5      | Reached skill level 5 in Evocations
  3791 | D:5      | Reached XP level 7. HP: 57/67 MP: 10/10
  3900 | D:5      | Reached *** piety under Uskayaw
  4691 | D:5      | Noticed Pikel
  4920 | D:4      | Reached skill level 5 in Short Blades
  5042 | D:5      | Reached skill level 1 in Invocations
  5058 | D:5      | Reached skill level 1 in Throwing
  5058 | D:5      | Reached XP level 8. HP: 19/74 MP: 6/11
  5514 | D:6      | Noticed Duvessa
  5519 | D:6      | Killed Duvessa
  5528 | D:6      | Noticed Dowan
  5536 | D:6      | Killed Dowan
  5817 | D:6      | Found a runed door.
  5872 | D:6      | Found a staircase to the Ecumenical Temple.
  6496 | D:7      | Noticed a death yak
  6496 | D:7      | Noticed a death yak
  6687 | D:7      | Found a staircase to the Lair.
  6773 | D:7      | Noticed a troll
  6788 | D:7      | Killed a troll
  6788 | D:7      | Reached skill level 1 in Shields
  7222 | D:7      | Reached XP level 9. HP: 73/82 MP: 12/12
  7312 | D:7      | Noticed a death yak
  7331 | D:6      | Mangled by a death yak

Skill      XL: |  1  2  3  4  5  6  7  8 |
---------------+-------------------------+-----
Fighting       | 3 4 5 6 |  6.0
Stealth        | 7 |  7.0
Evocations     | 3 5 |  5.0
Short Blades   | 5 |  5.9
Invocations    | 1 |  1.0
Throwing       | 1 4 |  4.0
Shields        | 2 |  2.4

Action                   |  1- 3 |  4- 6 |  7- 9 || total
-------------------------+-------+-------+-------++-------
Melee: Dagger            |    79 |    89 |    82 ||   250
       Rapier            |       |       |    64 ||    64
 Fire: Blowgun           |     1 |     4 |       ||     5
Throw: Stone             |     3 |    27 |    35 ||    65
       Tomahawk          |       |       |     7 ||     7
Invok: Line Pass         |       |       |     5 ||     5
       Stomp             |       |       |     3 ||     3
 Abil: Spit Poison       |     4 |    40 |    30 ||    74
Evoke: Wand              |       |     7 |     6 ||    13
  Use: Scroll            |       |       |    11 ||    11
       Potion            |       |       |     1 ||     1
 Stab: Sleeping          |     9 |     1 |       ||    10
       Paralysed         |       |       |     5 ||     5
       Confused          |       |       |     1 ||     1
  Eat: Chunk             |     1 |     8 |     9 ||    18
       Ration            |       |       |     1 ||     1
Armor: Robe              |    26 |    17 |    14 ||    57
       Ring mail         |       |       |    54 ||    54
Dodge: Dodged            |    26 |    41 |    68 ||   135
Block: Buckler           |       |       |    11 ||    11
